 Dungeon Crawl Stone Soup version 0.27-a0-1559-g299f9947c5 (webtiles) character file.

Game seed: 14153956276481183894

26 BlueGoblin the Covered (level 3, 30/30 HPs)
             Began as a Barachi Fighter on July 15, 2021.
             Tarried too long and was consumed by Zot
             ... on level 1 of the Dungeon.
             The game lasted 00:03:05 (5845 turns).

BlueGoblin the Covered (Barachi Fighter)            Turns: 5845, Time: 00:03:05

Health: 30/30      AC: 11    Str: 18    XL:     3   Next: 8%
Magic:  3/3        EV:  5    Int:  8    God:
Gold:   16         SH:  9    Dex: 11    Spells: 2/2 levels left

rFire    . . .     SeeInvis .   a - +0 long sword
rCold    . . .     Faith    .   c - +0 kite shield
rNeg     . . .     Spirit   .   f - +0 chain mail
rPois    .         Reflect  .   (no helmet)
rElec    .         Harm     .   (no cloak)
rCorr    .         Rampage  .   m - +0 pair of gloves
Will     .....                  k - +0 pair of boots
Stlth    ..........             g - amulet of regeneration
HPRegen  1.10/turn              (no ring)
MPRegen  0.08/turn              (no ring)

@: bezotted, slow
A: amphibious, slowness 1, strong legs 1, +LOS
a: Hop


You were on level 1 of the Dungeon.
You visited 1 branch of the dungeon, and saw 1 of its levels.

You collected 16 gold pieces.

Inventory:

Hand Weapons
 a - a +0 long sword (weapon)
Armour
 b - a +0 scale mail
 c - a +0 kite shield (worn)
 f - a +0 chain mail (worn)
 k - a +0 pair of boots (worn)
 m - a +0 pair of gloves (worn)
Jewellery
 g - an amulet of regeneration (around neck)
 j - an amulet of magic regeneration
Scrolls
 h - 2 scrolls of teleportation {unknown}
 i - a scroll of identify {unknown}
Potions
 d - a potion of might
 e - a potion of cancellation {unknown}
 l - a potion of attraction {unknown}


   Skills:
 + Level 4.0 Fighting
 + Level 2.7 Long Blades
 + Level 4.2 Armour
 + Level 3.5 Shields


You had 2 spell levels left.
You didn't know any spells.
Your spell library contained the following spells:

 Spells                   Type           Power      Damage    Failure   Level
 Corona                   Hex            0%         N/A       100%        1
 Ensorcelled Hibernation  Hex/Ice        0%         N/A       100%        2
 Tukima's Dance           Hex            0%         N/A       100%        3


Dungeon Overview and Level Annotations

Branches:
Dungeon (1/15)

Altars:


Innate Abilities, Weirdness & Mutations

You are amphibious.
You cover ground slowly.
You can hop short distances.
You have an extended range of vision and can be seen from far away.


Message History

You start waiting.
You start waiting.
You start waiting.
You start waiting.
You start waiting.
You start waiting.
You start waiting.
You start waiting.
You start waiting.
You start waiting.
You start waiting.
You start waiting.
You start waiting.
You start waiting.
You start waiting.
You start waiting.
You start waiting.
You have lingered too long.
Zot senses you.
Dive deeper or flee this branch before you perish!
You start waiting.
Done waiting.
You start waiting.
Done waiting.
You start waiting.
Done waiting.
You start waiting.
Done waiting.
You start waiting.
Zot draws nearer.
Dive deeper or flee this branch before you perish!
You start waiting.
Done waiting.
You start waiting.
Done waiting.
You start waiting.
Done waiting.
You start waiting.
Done waiting.
Zot has nearly found you.
Death is approaching.
Descend or flee this branch!
You start waiting.
Zot has found you!
You die...

#.........# #.# #..........
#.######..# #.# #..##......
##.######..# #.# #..≈≈≈≈≈≈≈≈
#......##..# #.# ##..≈8≈≈≈≈≈≈
#..###.##..# #.# ##.##≈≈8≈≈≈≈8
#.)# #.##..####.###.###§≈≈#''#≈
###..###............#.# #§≈≈#..#≈
.......####..###......###≈§≈#.<#≈
######.# #.....@.#.##.##≈≈≈####≈
#.# ##.######.###..≈≈8≈≈≈≈8 #†#
#.######.#####≈8≈≈≈≈≈≈ #.#
#..>..........≈≈≈≈§≈≈≈ #.#
########.######....... ######.#
#.............. #...##.#
#######........ ....)..#
#.###.### #...##.# #.# #.#


There were no monsters in sight!

Vanquished Creatures
  4 endoplasms (D:1)
  A giant cockroach (D:1)
  3 goblins (D:1)
  2 hobgoblins (D:1)
  3 kobolds (D:1)
  3 quokkas (D:1)
  2 ball pythons (D:1)
  2 bats (D:1)
  A frilled lizard (D:1)
  2 rats (D:1)
23 creatures vanquished.

Notes
Turn   | Place    | Note
-------+----------+-------------------------------------------
     0 | D:1      | BlueGoblin the Barachi Fighter began the quest for the Orb.
     0 | D:1      | Reached XP level 1. HP: 18/18 MP: 1/1
   189 | D:1      | Reached XP level 2. HP: 25/25 MP: 2/2
   558 | D:1      | Reached XP level 3. HP: 30/30 MP: 3/3
  4845 | D:1      | Glimpsed the power of Zot.
  5345 | D:1      | Glimpsed the power of Zot.
  5745 | D:1      | Glimpsed the power of Zot.
  5844 | D:1      | Glimpsed the power of Zot.
  5845 | D:1      | Tarried too long and was consumed by Zot

Illustrated notes

Levels and vault maps discovered:
D:1:      lightli_arrival_boilingwater, layout_loops_ring

Skill      XL: |  1  2 |
---------------+-------+-----
Armour         | 4 |  4.2
Fighting       | 4 |  4.0
Long Blades    | |  2.7
Shields        | |  3.5

Action                   || total
-------------------------++-------
Melee: Long sword        ||    80
Armor: Chain mail        ||    43
Dodge: Dodged            ||    17
Block: Kite shield       ||    49
       Rpst.: Long sword ||     7

Table legend: (Time is in decaauts)
 A = Elapsed time spent in this place.
 B = Non-inter-level travel time spent in this place.
 C = Inter-level travel time spent in this place.
 D = Time resting spent in this place.
 E = Time spent auto-exploring this place.
 F = Levels seen in this place.
 G = Mean time per level.
                   A        B        C        D        E       F      G
               +--------+--------+--------+--------+--------+-----+--------+
         Total |   5999 |   5960 |     39 |   5150 |    560 |   1 | 5999.0 |
       Dungeon |   5999 |   5960 |     39 |   5150 |    560 |   1 | 5999.0 |
               +--------+--------+--------+--------+--------+-----+--------+

Top non-repeatable levels by time:
     D:1: 5999 daAuts
